 Dungeon Crawl Stone Soup version 0.29-a0-728-g6bb282b620 (webtiles) character file.

Game seed: 10845125663211147551

12215 Conn the Arsonist (level 11, -4/66 HPs)
             Began as an Octopode Fire Elementalist on June 29, 2022.
             Was a Believer of Sif Muna.
             Slain by a vampire mosquito (7 damage)
             ... on level 11 of the Dungeon.
             The game lasted 00:42:41 (11985 turns).

Conn the Arsonist (Octopode Fire Elementalist)     Turns: 11985, Time: 00:42:41

Health: -4/66      AC:  5    Str: 14    XL:     11   Next: 89%
Magic:  6/24       EV: 14    Int: 21    God:    Sif Muna [**....]
Gold:   562        SH:  0    Dex: 13    Spells: 15/29 levels left

rFire   + . .      SeeInvis .   y - +2 dagger (venom)
rCold   . . .      Faith    .   I - orb {*channel}
rNeg    . . .      Spirit   .   (helmet restricted)
rPois   +          Reflect  .   j - amulet of regeneration
rElec   .          Harm     .   v - ring of flight
rCorr   +          Rampage  .   w - ring of poison resistance
Will    .....                   L - +4 ring of protection
Stlth   ++++......              N - ring "Tyeqoff" {rF+ Str+6}
HPRegen 1.01/turn               g - ring of resist corrosion
MPRegen 0.19/turn               (no ring)
                                (no ring)
                                (no ring)

@: marked, channelling, flying
A: almost no armour, amphibious, 8 rings, camouflage 1, gelatinous body 1,
(nimble swimmer 1), tentacles
a: Renounce Religion, Channel Magic


You were on level 11 of the Dungeon.
You worshipped Sif Muna.
Sif Muna was pleased with you.
You visited 2 branches of the dungeon, and saw 12 of its levels.

You collected 727 gold pieces.
You spent 165 gold pieces at shops.

Inventory:

Hand Weapons
 h - a +0 short sword
 k - a +2 spear of flaming
 y - a +2 dagger of venom (weapon)
Missiles
 c - 6 javelins
 t - 18 poisoned darts
 G - a throwing net
Armour
 I - an orb of energy (worn)
Magical Staves
 B - a staff of earth
Jewellery
 g - a ring of resist corrosion (on tentacle)
 j - an amulet of regeneration (around mantle)
 v - a ring of flight (left tentacle)
 w - a ring of poison resistance (right tentacle)
 L - a +4 ring of protection (on tentacle)
 N - the ring "Tyeqoff" (on tentacle) {rF+ Str+6}
   (You took it off an orc wizard on level 8 of the Dungeon)

   [ring of strength]

   Str:       It affects your strength (+6).
   rF:        It protects you from fire.
Wands
 x - a wand of iceblast (16)
 H - a wand of quicksilver (4)
 P - a wand of flame (8)
 Q - a wand of paralysis (8)
Scrolls
 b - 4 scrolls of teleportation
 d - 2 scrolls of summoning
 e - 2 scrolls of fog
 f - a scroll of poison
 p - a scroll of blinking {unknown}
 q - 2 scrolls of amnesia
 s - a scroll of immolation
 u - a scroll of magic mapping
 D - 2 scrolls of fear {unknown}
 F - a scroll of silence {unknown}
 J - a scroll of torment {unknown}
 K - a scroll of enchant armour {unknown}
 M - a scroll of enchant weapon {unknown}
 O - 2 scrolls of vulnerability
Potions
 a - 3 potions of magic
 i - 6 potions of curing
 l - 2 potions of lignification
 m - a potion of attraction
 n - 2 potions of heal wounds
 o - a potion of cancellation
 r - 3 potions of mutation {unknown}
 z - 4 potions of haste
 A - a potion of might
 C - 2 potions of ambrosia {unknown}
 E - a potion of resistance {unknown}


   Skills:
 + Level 2.8 Fighting
 + Level 2.3 Short Blades
 + Level 2.4 Polearms
 + Level 4.1 Dodging
 + Level 6.1 Stealth
 + Level 9.9 Spellcasting
 + Level 6.0 Conjurations
 + Level 2.1 Hexes
 - Level 6.7 Summonings
 + Level 10.3 Fire Magic
 * Level 0.7 Invocations
 + Level 1.1 Evocations


You had 15 spell levels left.
You knew the following spells:

 Your Spells              Type           Power      Damage    Failure   Level
a - Foxfire               Conj/Fire      100%       2x1d9     1%          1
b - Conjure Flame         Conj/Fire      44%        6-21      1%          3
c - Inner Flame           Hex/Fire       36%        N/A       1%          3
d - Flame Wave            Conj/Fire      44%        2d10      2%          4
e - Scorch                Fire           100%       2d10      1%          2
f - Summon Small Mammal   Summ           100%       N/A       1%          1

Your spell library contained the following spells:

 Spells                   Type           Power      Damage    Failure   Level
 Apportation              Tloc           20%        N/A       7%          1
 Necrotize                Necr           40%        1d6       7%          1
 Corpse Rot               Necr/Pois/Air  10%        N/A       54%         4
 Dispel Undead            Necr           10%        3d9       54%         4
 Alistair's Intoxication  Tmut/Pois      6%         N/A       88%         5
 Death Channel            Necr           5%         N/A       100%        6


Dungeon Overview and Level Annotations

Branches:
Dungeon (11/15)            Temple (1/1) D:7            Lair (0/6) D:9
    Orc (0/2) D:11

Altars:
Ashenzari
Cheibriados
Dithmenos
Elyvilon
Fedhas
Gozag
Hepliaklqana
Kikubaaqudgha
Makhleb
Okawaru
Sif Muna
Trog
Uskayaw
Vehumet
Wu Jian
Yredelemnul
Zin
The Shining One

Shops:
D:6 *   D:9 [

Annotations:
D:10 1 runed translucent door, JosephDoom's ghost, novice TrGl


Innate Abilities, Weirdness & Mutations

You cannot wear most types of armour.
You are amphibious.
You can wear up to eight rings at the same time.
Your skin changes colour to match your surroundings (Stealth+).
Your rubbery body absorbs attacks. (AC +1, EV +1)
((You are camouflaged when in or above water. (Stealth+)))
You have tentacles for arms and can constrict up to eight enemies at once.


Message History

The vampire mosquito draws strength from your injuries!
The vampire mosquito bites you.
The vampire mosquito draws strength from your injuries!
The vampire mosquito closely misses you.
Unknown command.
You fail to use your ability.
The vampire mosquito barely misses you. The vampire mosquito misses you.
The vampire mosquito bites you.
The vampire mosquito draws strength from your injuries!
The vampire mosquito barely misses you. x3
Unknown command.
The vampire mosquito bites you but does no damage.
The vampire mosquito misses you.
The vampire mosquito completely misses you.
The vampire mosquito barely misses you. x3
Unknown command.
Casting: Foxfire (safe; 1% risk of failure)
Confirm with . or Enter, or press ? or * to list all spells.
Casting: Flame Wave (dangerous; 2% risk of failure)
Press: ? - help, Dir - look around, f - activate A wave of flame ripples out!
The flame wave engulfs the vampire mosquito!
The vampire mosquito is heavily damaged.
The flame wave engulfs the vampire mosquito.
The vampire mosquito is almost destroyed.
The flame wave engulfs the vampire mosquito!
The vampire mosquito is heavily damaged. (Press . to intensify the flame waves.)
The vampire mosquito bites you.
The vampire mosquito draws strength from your injuries!
The vampire mosquito bites you.
The vampire mosquito draws strength from your injuries!
The vampire mosquito bites you!
* * * LOW HITPOINT WARNING * * *
The vampire mosquito draws strength from your injuries!
The vampire mosquito bites you!
* * * LOW HITPOINT WARNING * * *
The vampire mosquito draws strength from your injuries!
The vampire mosquito bites you but does no damage.
The vampire mosquito bites you!
You die...

#.# #..# #..# #...# #.#
#..# #..# #...# ########.#
#..# *..# *,,,*
.........######..####..#
*,>,*
...................(...#
*,,,****
#######................#
*,,,,,,,
#................###..,****
#..######yy...........,*
#..# #y@.......)...,* #..#
#.............,* #..#
#.............,* #..#
#.............,* #..#
#.............,* #..*
#...[.........,* *,,*
#.............,* *,,*
#....$....,,,,,* *,,*
#.........,,,,,*


You could see 3 vampire mosquitoes.

Vanquished Creatures
  A hydra (D:11)
  Harold (D:11)
  A catoblepas (D:10)
  A two-headed ogre (D:10)
  Pikel (D:7)
  3 ugly things
  An unseen horror (D:11)
  2 hornets
  Sigmund (D:4)
  A shadow (D:10)
  2 wyverns
  13 yaks
  A vampire (D:11)
  A vampire mosquito (D:11)
  Edmund (D:5)
  A water moccasin (D:7)
  An acid dragon (D:7)
  A sky beast (D:6)
  2 orc warriors
  2 ice beasts
  An ogre (D:5)
  3 black bears
  5 centaurs
  2 kobold brigands
  A phantom (D:5)
  5 bullfrogs
  2 gnoll sergeants
  2 scorpions (D:5)
  4 necrophages
  15 killer bees
  10 howler monkeys
  2 jellies (D:6)
  3 hounds
  6 orc priests
  A gnoll shaman (D:4)
  3 iguanas
  9 orc wizards
  Natasha (thrice) (D:4)
  Robin (D:3)
  14 gnolls
  5 adders
  3 shadow imps
  3 white imps
  2 ufetubi
  A worm (D:4)
  2 dart slugs
  23 orcs
  6 bats
  7 endoplasms
  2 giant cockroaches
  9 goblins
  13 hobgoblins
  9 jackals
  17 kobolds
  A quokka (D:2)
  4 ball pythons
  A rat (shapeshifter) (D:10)
  4 rats
242 creatures vanquished.

Vanquished Creatures (collateral kills)
  A yak (D:11)
  3 foxfires
4 creatures vanquished.

Vanquished Creatures (others)
  3 bushes (D:8)
  679 foxfires
  3 fungi (D:9)
  17 plants
702 creatures vanquished.

Grand Total: 948 creatures vanquished

Notes
Turn   | Place    | Note
-------+----------+-------------------------------------------
     0 | D:1      | Conn the Octopode Fire Elementalist began the quest for the
                  | Orb.
     0 | D:1      | Reached XP level 1. HP: 11/11 MP: 3/3
   388 | D:1      | Reached XP level 2. HP: 14/17 MP: 0/5
  1154 | D:1      | Found a faded altar of an unknown god.
  1310 | D:2      | Reached XP level 3. HP: 21/21 MP: 0/6
  1414 | D:2      | Reached skill level 4 in Fire Magic
  1481 | D:2      | Reached XP level 4. HP: 27/27 MP: 3/7
  1840 | D:2      | Found a glowing silver altar of Zin.
  2486 | D:3      | Noticed Robin
  2569 | D:2      | Learned a level 2 spell: Scorch
  2573 | D:2      | Learned a level 3 spell: Conjure Flame
  2616 | D:3      | Killed Robin
  2617 | D:3      | Reached XP level 5. HP: 31/31 MP: 3/9
  2981 | D:3      | Noticed a black bear
  2991 | D:3      | Killed a black bear
  2992 | D:3      | Reached skill level 1 in Polearms
  3223 | D:3      | Found a hazy altar of Hepliaklqana.
  3230 | D:3      | Identified the +0 ring mail of Daffodils {Will- Dex+3}
  3356 | D:3      | Found a faded altar of an unknown god.
  3360 | D:3      | Found a white marble altar of Elyvilon.
  3430 | D:4      | Reached skill level 1 in Fighting
  3430 | D:4      | Reached XP level 6. HP: 24/38 MP: 10/10
  3571 | D:4      | Noticed Natasha
  3579 | D:4      | Killed Natasha
  3645 | D:4      | Noticed Natasha
  3647 | D:4      | Killed Natasha
  3720 | D:4      | Learned a level 3 spell: Inner Flame
  3752 | D:4      | Noticed Natasha
  3760 | D:4      | Killed Natasha
  3831 | D:4      | Noticed Sigmund
  3840 | D:4      | Killed Sigmund
  3841 | D:4      | Reached XP level 7. HP: 43/43 MP: 3/12
  3861 | D:5      | Entered Level 5 of the Dungeon
  4135 | D:4      | Found a hide-covered altar of Uskayaw.
  4176 | D:4      | Reached skill level 1 in Evocations
  4437 | D:5      | Reached skill level 5 in Fire Magic
  4443 | D:5      | Reached skill level 5 in Stealth
  4538 | D:4      | Learned a level 4 spell: Flame Wave
  4750 | D:5      | Reached XP level 8. HP: 48/48 MP: 1/14
  4938 | D:5      | Reached skill level 5 in Spellcasting
  4938 | D:5      | Reached skill level 6 in Fire Magic
  4951 | D:5      | Noticed Edmund
  5110 | D:5      | Killed Edmund
  5976 | D:6      | Reached skill level 1 in Hexes
  6147 | D:6      | Reached XP level 9. HP: 54/54 MP: 5/18
  6244 | D:6      | Found Hywe's General Store.
  6253 | D:6      | Bought a scroll of identify for 22 gold pieces
  6253 | D:6      | Bought a throwing net for 33 gold pieces
  6253 | D:6      | Bought a potion of haste for 110 gold pieces
  7117 | D:7      | Reached skill level 7 in Fire Magic
  7334 | D:7      | Learned a level 1 spell: Summon Small Mammal
  7349 | D:7      | Found a staircase to the Ecumenical Temple.
  7358 | Temple   | Entered the Ecumenical Temple
  7366 | Temple   | Became a worshipper of Sif Muna the Loreminder
  7450 | D:7      | Reached skill level 1 in Short Blades
  7594 | D:7      | Noticed a two-headed ogre
  7704 | D:7      | Reached skill level 1 in Summonings
  7935 | D:7      | Noticed Pikel
  7944 | D:7      | Killed Pikel
  8159 | D:8      | Reached XP level 10. HP: 28/60 MP: 18/21
  8165 | D:8      | Reached * piety under Sif Muna
  8263 | D:8      | Identified the +2 helmet "Cobes" {rC+}
  8295 | D:8      | Reached skill level 8 in Fire Magic
  8652 | D:8      | Identified the ring "Tyeqoff" {rF+ Str+6}
  9240 | D:9      | Found Zaico's Antique Armour Boutique.
  9251 | D:9      | Noticed a cyan ugly thing
  9506 | D:9      | Killed a cyan ugly thing
  9958 | D:9      | Found a staircase to the Lair.
  9974 | D:9      | Reached skill level 5 in Summonings
  9987 | D:9      | Reached skill level 9 in Fire Magic
  9990 | D:9      | Reached skill level 5 in Conjurations
  9990 | D:9      | Reached XP level 11. HP: 28/64 MP: 0/23
 10415 | D:9      | Noticed a skeletal warrior
 10445 | D:10     | Entered Level 10 of the Dungeon
 10469 | D:10     | Reached ** piety under Sif Muna
 10707 | D:10     | Found an ornate altar of the Wu Jian Council.
 10707 | D:10     | Noticed a two-headed ogre
 10709 | D:10     | Found an opulent altar of Gozag.
 10721 | D:10     | Killed a two-headed ogre
 10737 | D:10     | Noticed a cyan ugly thing
 10754 | D:10     | Killed a cyan ugly thing
 10878 | D:10     | Found a shadowy altar of Dithmenos.
 11077 | D:10     | Noticed a catoblepas
 11095 | D:10     | Killed a catoblepas
 11400 | D:10     | Found a runed translucent door.
 11400 | D:10     | Noticed JosephDoom's ghost (novice TrGl)
 11412 | D:10     | Noticed a skeletal warrior
 11415 | D:10     | Noticed a deep elf archer
 11618 | D:11     | Noticed a purple ugly thing
 11618 | D:11     | Noticed a four-headed hydra
 11656 | D:11     | Killed a purple ugly thing
 11656 | D:11     | Killed a four-headed hydra
 11812 | D:11     | Noticed Harold
 11942 | D:11     | Killed Harold
 11943 | D:11     | Reached skill level 10 in Fire Magic
 11950 | D:11     | Noticed a cyclops
 11985 | D:11     | HP: 3/66 [vampire mosquito (9)]
 11985 | D:11     | Slain by a vampire mosquito

Illustrated notes

Levels and vault maps discovered:
D:1:      lightli_arrival_chessboard, layout_basic,
          hellmonk_ecumenical_altar_heavens_door
D:2:      layout_basic, basic_altar, st_stairs_9
D:3:      layout_loops_ring, nicolae_overflow_ecumenical_swirl,
          nicolae_hepliaklqana_hazy_memory, grunt_decor_arrowhead,
          solitary_fountain, uniq_robin
D:4:      layout_basic, marbit_many_paths, uniq_natasha, uniq_sigmund
D:5:      layout_loops_ring, uniq_edmund
D:6:      layout_basic, serial_shops, nicolae_shop_advertising_works
          [nicolae_subvault_shop_adworks], minmay_misc_feat_x,
          lemuel_another_geyser
D:7:      nicolae_cairo_tiling_large_dashed, layout_rooms,
          minmay_temple_entry_poolview, uniq_pikel
D:8:      layout_loops_ring, minmay_hedge_maze
D:9:      minmay_chambers_of_sevens, layout_cave_pools, dpeg_oklobed_lair,
          serial_column_ruins, column_ruins_columns_corner,
          column_ruins_open_medium, column_ruins_columns_straight,
          column_ruins_columns_T, column_ruins_columns_dead_end, serial_shops,
          nicolae_shop_temple_entry_statues_fountains, minivault_26,
          chequers_serial_rivers_micro_c
D:10:     layout_basic, mainiacjoe_overflow_catwalk_spiral,
          amcnicky_altar_gilded, ebering_ghost_reflecting_pool, minmay_evil_grid
D:11:     layout_long_grid, orc_0_dummy, uniq_harold
Temple:   compressed_dpeg_triangle_lava_temple

Skill      XL: |  1  2  3  4  5  6  7  8  9 10 11 |
---------------+----------------------------------+-----
Fire Magic     | 4 5 6 7 9 10 | 10.3
Stealth        | 3 4 5 6 |  6.1
Polearms       | 1 2 |  2.4
Conjurations   | 2 3 5 6 |  6.0
Fighting       | 1 2 |  2.8
Spellcasting   | 3 4 6 7 8 9 |  9.9
Evocations     | 1 |  1.1
Dodging        | 3 4 |  4.1
Hexes          | 1 2 |  2.1
Short Blades   | 1 2 |  2.3
Summonings     | 3 5 6 |  6.7
Invocations    | |  0.7

Action                   |  1- 3 |  4- 6 |  7- 9 | 10-12 || total
-------------------------+-------+-------+-------+-------++-------
Melee: Unarmed           |     8 |       |       |       ||     8
       Constrict         |     6 |     8 |    15 |     7 ||    36
       Short sword       |     6 |       |       |       ||     6
       Tentacles         |     3 |    10 |    13 |    12 ||    38
       Spear             |     6 |    46 |    11 |       ||    63
       Dagger            |       |       |    50 |    35 ||    85
       Punch             |       |       |     1 |       ||     1
 Cast: Foxfire           |    44 |    71 |   101 |   183 ||   399
       Scorch            |       |     3 |    51 |    54 ||   108
       Inner Flame       |       |       |     7 |    10 ||    17
       Conjure Flame     |       |       |     7 |     7 ||    14
       Flame Wave        |       |       |     1 |    11 ||    12
       Summon Small Mamm |       |       |       |     5 ||     5
Invok: Channel Magic     |       |       |       |     1 ||     1
Evoke: Wand              |       |       |     1 |     2 ||     3
  Use: Potion            |       |     2 |     3 |     3 ||     8
       Scroll            |       |       |     2 |    12 ||    14
 Stab: Sleeping          |       |     7 |     5 |     1 ||    13
       Distracted        |       |     1 |       |     1 ||     2
Armor: Skin              |     1 |     3 |     7 |    28 ||    39
Dodge: Dodged            |    18 |    42 |    79 |    79 ||   218

Table legend: (Time is in decaauts)
 A = Elapsed time spent in this place.
 B = Non-inter-level travel time spent in this place.
 C = Inter-level travel time spent in this place.
 D = Time resting spent in this place.
 E = Time spent auto-exploring this place.
 F = Levels seen in this place.
 G = Mean time per level.
                   A        B        C        D        E       F      G
               +--------+--------+--------+--------+--------+-----+--------+
         Total |  11972 |  11809 |    163 |    496 |   8634 |  12 |  997.7 |
       Dungeon |  11955 |  11800 |    155 |    496 |   8634 |  11 | 1086.8 |
        Temple |     16 |      8 |      8 |      0 |      0 |   1 |   16.0 |
               +--------+--------+--------+--------+--------+-----+--------+

Top non-repeatable levels by time:
     D:2: 1572 daAuts
     D:6: 1323 daAuts
     D:8: 1314 daAuts
     D:5: 1232 daAuts
     D:4: 1219 daAuts
     D:9: 1024 daAuts
     D:1: 1001 daAuts
    D:10: 994 daAuts
     D:7: 875 daAuts
     D:3: 853 daAuts
    D:11: 543 daAuts
  Temple: 16 daAuts
